Map: Forgotten Sanctuary

Players

JaySlays - Winner!

  • Race: Protoss Protoss
  • Spawn Location: 12:00

Wolf - Winner!

  • Race: Protoss Protoss
  • League: Diamond
  • Spawn Location: 9:00

Shlansk - Winner!

  • Race: Terran Terran
  • League: Diamond
  • Spawn Location: 9:00

Asystole - Winner!

  • Race: Terran Terran
  • Spawn Location: 12:00

Eaglesearchr

  • Race: Protoss Protoss
  • Spawn Location: 6:00

Zip

  • Race: Zerg Zerg
  • League: Diamond
  • Spawn Location: 6:00

SLCMemento

  • Race: Protoss Protoss
  • League: Platinum
  • Spawn Location: 3:00

DamGlam

  • Race: Protoss Protoss
  • Spawn Location: 3:00

VOD

Have the link to the VOD?

Description

Time

  • Played on: April 3, 2018, 9:16 p.m.
  • Length: 14:46
Show
View Real Time Build Order
Export as new Build Order

JaySlays Protoss - Winner!

Build Orders:  

Get SALT Encoding   

  12  0:01  Probe (Chrono Boost)  
  13  0:13  Probe (Chrono Boost)  
  14  0:20  Pylon  
  14  0:21  Probe (Chrono Boost)  
  15  0:31  Assimilator  
  15  0:39  Assimilator  
  15  0:59  Probe (Chrono Boost)  
  15  1:00  Gateway  
  16  1:11  Probe (Chrono Boost)  
  17  1:28  Probe  
  18  1:40  Probe  
  19  1:52  Probe  
  20  2:00  Cybernetics Core  
  20  2:04  Probe  
  21  2:16  Probe (Chrono Boost)  
  22  2:28  Pylon, Probe (Chrono Boost)  
  23  2:46  Probe, Pylon  
  24  2:53  Stargate  
  24  2:55  Stargate  
  24  2:58  Probe  
  25  3:11  Warp Gate  
  25  3:22  Probe  
  26  3:35  Nexus  
  27  3:44  Void Ray (Chrono Boost)  
  34  4:05  Void Ray (Chrono Boost)  
  34  4:17  Void Ray (Chrono Boost)  
  38  4:42  Probe  
  39  4:49  Void Ray  
  43  4:54  Probe  
  43  4:55  Void Ray  
  48  5:19  Probe x2  
  50  5:31  Probe  
  50  5:33  Probe  
  52  5:43  Probe  
  52  5:47  Pylon  
  53  5:50  Pylon  
  53  5:56  Probe  
  54  6:02  Assimilator  
  54  6:06  Assimilator  
  54  6:08  Probe  
  63  6:11  Probe  
  64  6:20  Probe  
  65  6:41  Pylon  
  65  6:42  Pylon  
  65  6:46  Protoss Air Weapons Level 1  
  65  6:52  Pylon  
  65  6:53  Void Ray x2  
  65  6:54  Pylon  
  65  6:59  Probe x2  
  67  7:11  Probe  
  68  7:31  Stargate  
  68  7:35  Void Ray  
  68  7:36  Phoenix  
  74  7:38  Probe (Chrono Boost)  
  74  7:43  Probe (Chrono Boost)  
  76  7:49  Probe (Chrono Boost)  
  78  7:52  Probe (Chrono Boost)  
  78  7:55  Probe  
  79  8:00  Void Ray  
  79  8:10  Probe (Chrono Boost)  
  81  8:15  Probe (Chrono Boost)  
  81  8:18  Void Ray  
  86  8:21  Probe (Chrono Boost)  
  86  8:25  Probe (Chrono Boost), Void Ray  
  91  8:56  Pylon  
  91  8:58  Pylon  
  91  9:00  Pylon  
  89  9:04  Void Ray (Chrono Boost)  
  89  9:06  Nexus  
  89  9:09  Void Ray (Chrono Boost)  
  73  9:12  Nexus  
  73  9:14  Void Ray (Chrono Boost)  
  69  9:35  Protoss Air Armor Level 1  
  69  9:37  Void Ray (Chrono Boost)  
  69  9:42  Void Ray (Chrono Boost)  
  77  9:48  Void Ray (Chrono Boost)  
  81  9:58  Probe  
  81  9:59  Probe  
  83  10:09  Fleet Beacon  
  83  10:10  Void Ray (Chrono Boost)  
  91  10:24  Void Ray (Chrono Boost)  
  91  10:35  Probe x3  
  94  10:42  Probe  
  95  10:45  Void Ray  
  95  10:46  Assimilator  
  95  10:47  Probe x3  
  102  10:50  Assimilator  
  102  10:55  Probe (Chrono Boost)  
  102  10:56  Void Ray  
  107  10:59  Probe (Chrono Boost)  
  107  11:00  Probe (Chrono Boost)  
  110  11:04  Probe (Chrono Boost)  
  110  11:10  Probe (Chrono Boost)  
  112  11:11  Probe (Chrono Boost)  
  112  11:17  Assimilator, Void Ray  
  116  11:19  Assimilator  
  116  11:28  Void Ray  
  116  11:30  Probe  
  116  11:31  Probe x3  
  123  11:40  Void Ray  
  123  12:00  Void Ray  
  127  12:02  Probe x3  
  127  12:03  Probe  
  131  12:14  Probe  
  132  12:17  Pylon  
  132  12:18  Protoss Air Weapons Level 2 (Chrono Boost)  
  132  12:19  Pylon  
  132  12:21  Pylon  
  132  12:22  Stargate  
  132  12:24  Stargate  
  132  12:25  Void Ray  
  132  12:26  Stargate  
  136  12:32  Probe x2 (Chrono Boost)  
  136  12:33  Probe (Chrono Boost)  
  139  12:40  Probe (Chrono Boost)  
  140  12:48  Probe (Chrono Boost)  
  141  12:57  Void Ray x2  
  149  13:07  Probe x3  
  149  13:08  Void Ray  
  156  13:40  Void Ray  
  160  13:52  Void Ray x2  
Show
View Real Time Build Order
Export as new Build Order

Wolf Protoss - Winner!

Build Orders: 1 Gate Expand 

Get SALT Encoding   

  12  0:01  Probe  
  13  0:14  Probe  
  14  0:20  Pylon  
  14  0:26  Probe  
  15  0:38  Probe  
  15  0:41  Gateway  
  16  0:51  Probe (Chrono Boost)  
  16  0:55  Assimilator  
  17  1:03  Probe (Chrono Boost)  
  18  1:08  Probe (Chrono Boost)  
  19  1:27  Nexus  
  19  1:30  Probe (Chrono Boost)  
  20  1:37  Pylon  
  20  1:42  Probe (Chrono Boost)  
  21  1:48  Assimilator  
  21  1:59  Probe, Cybernetics Core  
  22  2:11  Probe  
  23  2:23  Probe  
  23  2:29  Pylon  
  24  2:35  Probe  
  25  2:48  Probe  
  26  2:51  Stalker  
  26  2:52  Warp Gate  
  28  2:59  Robotics Facility  
  28  3:01  Probe x2 (Chrono Boost)  
  30  3:11  Probe x2 (Chrono Boost)  
  32  3:15  Probe x2 (Chrono Boost)  
  34  3:21  Stalker  
  34  3:26  Probe (Chrono Boost)  
  37  3:29  Probe (Chrono Boost)  
  38  3:39  Probe (Chrono Boost)  
  40  3:43  Assimilator  
  40  3:44  Probe (Chrono Boost)  
  40  3:45  Pylon  
  40  3:46  Probe (Chrono Boost)  
  40  3:47  Observer  
  40  3:48  Assimilator  
  42  3:51  Probe  
  42  3:52  Twilight Council  
  42  3:54  Probe  
  44  4:03  Probe, Stalker  
  44  4:06  Probe  
  44  4:27  Probe x2  
  44  4:30  Charge  
  40  4:33  Zealot  
  41  4:39  Probe  
  41  4:42  Probe  
  43  4:51  Probe  
  44  4:55  Probe  
  44  4:57  Immortal (Chrono Boost)  
  49  5:03  Probe  
  49  5:05  Gateway  
  50  5:07  Gateway  
  50  5:19  Zealot  
  52  5:27  Forge  
  52  5:29  Probe x2, Forge  
  52  5:34  Immortal (Chrono Boost)  
  54  5:38  Pylon  
  54  5:39  Zealot  
  60  5:50  Probe x2  
  62  6:03  Immortal (Chrono Boost)  
  62  6:04  Zealot  
  64  6:08  Protoss Ground Weapons Level 1 (Chrono Boost), Protoss Ground Armor Level 1 (Chrono Boost)  
  67  6:23  Zealot  
  69  6:28  Pylon  
  69  6:30  Pylon  
  69  6:31  Pylon, Photon Cannon  
  69  6:33  Pylon, Photon Cannon  
  69  6:34  Pylon  
  69  6:47  Immortal  
  73  7:06  Probe  
  73  7:07  Probe  
  75  7:10  Zealot x3  
  81  7:22  Nexus  
  81  7:26  Immortal (Chrono Boost), Pylon, Probe x2  
  81  7:28  Pylon  
  87  7:52  Protoss Ground Armor Level 2 (Chrono Boost), Protoss Ground Weapons Level 2 (Chrono Boost)  
  87  8:01  Probe x2, Observer (Chrono Boost)  
  87  8:03  Photon Cannon  
  90  8:06  Assimilator  
  90  8:08  Assimilator  
  90  8:12  Zealot  
  90  8:13  Zealot x2  
  90  8:17  Observer  
  97  8:26  Gateway  
  97  8:30  Gateway  
  97  8:35  Templar Archives  
  97  8:40  Probe x3  
  100  8:46  Zealot  
  100  8:47  Zealot x2  
  106  8:52  Probe  
  102  8:58  Photon Cannon  
  102  9:00  Photon Cannon x2  
  102  9:01  Photon Cannon  
  104  9:10  Immortal  
  104  9:16  Blink  
  104  9:23  Probe x2  
  104  9:24  Probe  
  107  9:26  Pylon  
  86  10:10  Probe  
  86  10:13  Stalker x2  
  86  10:14  Stalker  
  67  10:24  Templar Archives  
  67  10:26  Probe  
  67  10:27  Probe x2, Templar Archives  
  68  10:41  Stalker  
  70  10:48  Probe x3, Pylon  
  73  10:55  Psionic Storm  
  73  11:05  Stargate  
  73  11:09  Stargate  
  73  11:16  Probe x2, Forge  
  73  11:17  Probe  
  76  11:19  Forge  
  76  11:21  Immortal  
  80  11:27  High Templar x2  
  80  11:28  Zealot  
  80  11:31  High Templar x2  
  90  11:54  Archon  
  90  11:55  Archon  
  90  12:03  Zealot x2  
  90  12:04  Zealot x2  
  88  12:44  Void Ray (Chrono Boost)  
  88  12:45  Void Ray (Chrono Boost)  
  77  13:30  Probe x2  
  77  13:49  Void Ray x2 (Chrono Boost)  
  77  13:52  Nexus  
Show
View Real Time Build Order
Export as new Build Order

Shlansk Terran - Winner!

Build Orders: Reaper Expand, MMM Bio 

Get SALT Encoding   

  12  0:01  SCV  
  13  0:13  SCV  
  14  0:18  Supply Depot  
  14  0:25  SCV  
  15  0:40  SCV  
  15  0:42  Barracks  
  16  0:46  Refinery  
  16  0:52  SCV  
  17  1:04  SCV  
  18  1:16  SCV  
  19  1:30  Reaper  
  19  1:31  Orbital Command  
  20  1:43  Command Center  
  20  1:56  Barracks  
  20  1:59  SCV  
  21  2:09  Factory  
  21  2:17  SCV  
  21  2:20  Refinery  
  22  2:29  Barracks Reactor, SCV  
  19  3:09  Barracks Tech Lab  
  19  3:10  Marine x2  
  20  3:13  Starport  
  20  3:15  SCV  
  20  3:18  Factory Reactor  
  21  3:22  Orbital Command  
  21  3:28  SCV  
  22  3:37  Marine x2, Stimpack  
  24  3:43  SCV  
  24  3:47  Marine  
  26  3:54  Marine  
  27  4:01  SCV  
  27  4:02  SCV  
  29  4:15  Marine  
  25  4:21  Widow Mine  
  25  4:33  Marine  
  25  4:36  Viking  
  28  4:51  Marine  
  29  4:54  Supply Depot  
  29  5:09  Marine  
  30  5:18  Supply Depot  
  30  5:19  Supply Depot  
  30  5:24  Barracks  
  30  5:26  Barracks  
  30  5:27  Starport Reactor  
  30  5:28  SCV x2  
  32  5:34  Marine  
  33  5:36  Engineering Bay  
  33  5:40  SCV x2  
  35  5:50  Factory Reactor, Combat Shields  
  35  5:52  Marine  
  35  5:54  SCV x2  
  38  6:06  SCV  
  38  6:07  Missile Turret  
  38  6:09  Medivac x2  
  38  6:10  Marine  
  44  6:22  Refinery  
  44  6:24  Refinery  
  44  6:30  Missile Turret  
  44  6:34  Barracks Reactor  
  44  6:38  Barracks Reactor  
  44  6:41  Marine  
  45  6:47  Bunker  
  45  6:48  SCV x2  
  47  6:59  Marine  
  47  7:00  SCV x2  
  50  7:01  Terran Infantry Weapons Level 1  
  50  7:02  Medivac  
  52  7:09  Engineering Bay  
  52  7:17  Marine  
  52  7:21  Marine  
  54  7:27  Marine x3  
  57  7:35  Marine  
  58  7:38  Supply Depot x2  
  58  7:39  Marine  
  58  7:40  Supply Depot  
  59  7:45  Marine x3  
  62  7:59  Marine x2  
  62  8:00  SCV x2  
  62  8:03  Marine x3  
  69  8:12  SCV  
  70  8:17  Marine x2  
  72  8:21  Marine x3  
  75  8:33  Terran Infantry Armor Level 1  
  75  8:35  Marine x2  
  75  8:39  Marine x3, Command Center  
  80  8:53  Marine x2  
  82  8:56  Marine x3  
  82  8:57  Missile Turret  
  82  9:02  Missile Turret  
  83  9:11  Marine x2  
  83  9:14  Marine x3  
  68  9:28  Marine x2  
  68  9:30  Missile Turret  
  70  9:32  Marine x3  
  70  9:35  Missile Turret  
  73  9:46  Marine x2  
  73  9:47  Barracks, Medivac x2  
  73  9:49  Barracks  
  73  9:50  Marine x3  
  82  10:04  Marine x2  
  84  10:07  Missile Turret  
  84  10:08  Marine x3  
  84  10:10  Missile Turret  
  84  10:13  Missile Turret  
  86  10:22  Marine x2  
  86  10:25  Marine x3  
  91  10:40  Marine x2  
  91  10:43  Marine x3  
  58  10:57  Marine x2  
  58  11:01  Marine x3  
  58  11:03  Starport  
  63  11:04  Starport  
  63  11:06  Starport  
  63  11:15  Marine  
  64  11:32  Barracks Reactor  
  64  11:33  Missile Turret  
  64  11:37  Marine x5  
  65  11:43  Planetary Fortress  
  65  11:54  Marine  
  65  11:55  Marine x4  
  65  11:56  Starport Reactor x2  
  70  12:04  Starport Tech Lab  
  70  12:12  Marine  
  70  12:13  Marine x4  
  75  12:16  Viking x2, Armory  
  79  12:29  Raven  
  81  12:30  Marine x7  
  81  12:31  Marine  
  81  12:33  Viking x2  
  92  12:43  Viking x2  
  96  12:48  Marine  
  96  13:09  Viking x2  
  100  14:01  Marine  
Show
View Real Time Build Order
Export as new Build Order

Asystole Terran - Winner!

Build Orders:  

Get SALT Encoding   

  12  0:01  SCV  
  13  0:13  SCV  
  14  0:25  SCV  
  15  0:29  Supply Depot  
  15  0:31  Refinery  
  15  0:37  Refinery  
  15  0:50  SCV  
  15  0:54  Barracks  
  16  1:02  SCV  
  17  1:14  Supply Depot, SCV  
  18  1:27  SCV  
  19  1:39  SCV  
  20  2:11  SCV  
  21  2:20  Factory  
  21  2:23  SCV  
  22  2:33  Engineering Bay  
  22  2:36  SCV  
  23  2:48  Orbital Command  
  23  3:03  Factory Reactor  
  23  3:09  Missile Turret  
  23  3:24  Command Center  
  23  3:40  Cyclone x2  
  29  3:56  Supply Depot  
  29  3:57  Supply Depot  
  29  4:00  Supply Depot  
  29  4:18  Cyclone x2  
  35  4:50  Cyclone x2  
  35  4:51  SCV x2  
  43  4:55  Missile Turret  
  43  5:03  SCV x2  
  43  5:15  SCV x2  
  45  5:27  SCV  
  46  5:29  SCV  
  47  5:39  SCV  
  47  5:42  SCV  
  49  5:46  Refinery  
  49  5:49  Refinery  
  49  5:50  Factory  
  49  5:51  SCV  
  49  5:54  SCV  
  51  6:04  SCV  
  52  6:06  SCV  
  53  6:12  Factory, Armory  
  53  6:16  SCV  
  53  6:18  SCV  
  55  6:19  Armory  
  55  6:28  SCV  
  55  6:30  SCV  
  57  6:40  SCV  
  57  6:42  Factory Tech Lab  
  57  6:44  SCV  
  59  6:52  SCV  
  60  6:56  SCV  
  60  6:57  Factory Tech Lab  
  61  7:03  Terran Vehicle Weapons Level 1  
  61  7:04  SCV  
  62  7:10  Thor  
  68  7:16  Supply Depot  
  68  7:18  Supply Depot  
  68  7:21  Supply Depot  
  68  7:35  Cyclone x2  
  74  7:37  Thor  
  80  7:53  Thor  
  86  8:20  Thor  
  92  8:31  Cyclone x2  
  98  8:41  Thor  
  98  8:44  Supply Depot  
  98  8:47  Supply Depot  
  86  8:57  Terran Vehicle And Ship Armor Level 1  
  86  9:01  Factory  
  86  9:02  Orbital Command  
  86  9:09  Supply Depot  
  86  9:17  Thor  
  92  9:24  Thor  
  98  9:33  Terran Vehicle Weapons Level 2  
  98  9:49  Supply Depot  
  98  10:05  Factory Tech Lab  
  98  10:06  Thor  
  104  10:18  Command Center, Thor  
  104  10:20  Refinery x2  
  110  10:22  SCV  
  110  10:23  SCV  
  112  10:34  SCV  
  112  10:35  SCV  
  114  10:46  SCV  
  114  10:47  SCV  
  116  10:50  Thor  
  116  10:51  Thor  
  128  10:58  SCV  
  128  10:59  SCV  
  130  11:08  Terran Vehicle And Ship Armor Level 2  
  130  11:10  SCV  
  130  11:11  SCV  
  132  11:33  Orbital Command  
  131  11:44  Thor x2  
  135  11:56  SCV x2  
  135  12:04  Thor  
  135  12:08  SCV x2  
  143  12:16  Factory Tech Lab  
  143  12:20  SCV x2  
  145  12:23  SCV  
  145  12:27  Thor  
  152  12:32  SCV  
  152  12:33  SCV  
  152  12:35  SCV  
  155  12:44  SCV  
  155  12:45  SCV  
  157  12:55  SCV  
  157  12:56  SCV  
  157  12:57  SCV  
  154  13:02  Thor x2  
  160  13:07  SCV  
  161  13:17  Thor x2  
  143  13:45  Thor  
  149  14:01  Thor  
  149  14:02  Thor  
Show
View Real Time Build Order
Export as new Build Order

Eaglesearchr Protoss 

Build Orders: Carrier Rush 

Get SALT Encoding   

  12  0:01  Probe (Chrono Boost)  
  13  0:13  Probe (Chrono Boost)  
  14  0:22  Probe  
  14  0:24  Pylon  
  15  0:42  Probe  
  16  1:01  Probe (Chrono Boost)  
  18  1:11  Probe (Chrono Boost)  
  18  1:13  Nexus  
  18  1:21  Probe  
  18  1:23  Gateway  
  19  1:27  Pylon  
  19  1:32  Assimilator  
  19  1:38  Assimilator  
  19  1:41  Probe  
  20  1:54  Probe  
  21  2:07  Probe  
  22  2:17  Cybernetics Core  
  22  2:20  Pylon  
  23  2:23  Probe (Chrono Boost)  
  23  2:27  Pylon, Probe (Chrono Boost)  
  25  2:37  Probe (Chrono Boost)  
  25  2:42  Probe (Chrono Boost)  
  26  2:46  Assimilator  
  26  2:50  Probe  
  27  2:51  Assimilator  
  27  2:53  Probe  
  28  3:02  Stargate  
  29  3:05  Probe, Stargate  
  29  3:13  Forge  
  29  3:19  Probe (Chrono Boost)  
  31  3:24  Probe (Chrono Boost)  
  31  3:30  Probe (Chrono Boost)  
  31  3:33  Probe (Chrono Boost)  
  33  3:35  Probe (Chrono Boost)  
  34  3:52  Fleet Beacon  
  34  3:53  Photon Cannon  
  34  4:11  Probe (Chrono Boost)  
  35  4:21  Probe (Chrono Boost)  
  35  4:24  Probe (Chrono Boost)  
  37  4:26  Probe (Chrono Boost), Carrier  
  37  4:31  Carrier  
  38  4:33  Probe  
  38  4:38  Probe  
  52  4:50  Probe  
  53  4:56  Nexus  
  53  5:02  Probe  
  53  5:04  Graviton Catapult (Chrono Boost)  
  54  5:14  Probe (Chrono Boost)  
  55  5:26  Probe (Chrono Boost)  
  56  5:31  Probe (Chrono Boost)  
  57  5:40  Probe  
  57  5:41  Pylon  
  58  5:43  Pylon  
  58  5:44  Pylon  
  58  5:52  Probe  
  59  5:59  Carrier  
  59  6:00  Carrier  
  71  6:09  Probe x2  
  74  6:18  Mothership  
  81  6:43  Stargate  
  81  6:47  Pylon x2  
  81  6:59  Stargate  
  81  7:02  Probe x2  
  83  7:13  Assimilator  
  83  7:14  Probe  
  84  7:17  Assimilator  
  84  7:26  Carrier  
  90  7:31  Carrier  
  96  7:47  Carrier  
  102  7:54  Carrier  
  108  8:03  Probe  
  108  8:04  Probe  
  110  8:12  Probe  
  111  8:15  Probe  
  111  8:16  Probe  
  113  8:25  Protoss Air Weapons Level 1  
  113  8:34  Protoss Shields Level 1 (Chrono Boost)  
  113  8:40  Probe  
  113  8:41  Probe x2  
  108  9:06  Carrier  
  114  9:59  Pylon x2  
  114  10:02  Pylon  
  114  10:03  Pylon  
  114  10:04  Pylon  
  114  10:06  Pylon  
  114  10:17  Carrier, Mothership (Chrono Boost)  
  114  10:19  Carrier x2  
  140  10:30  Pylon  
  140  10:31  Pylon  
  140  10:32  Pylon, Carrier  
  140  10:34  Pylon  
  146  10:35  Pylon  
  146  10:37  Pylon  
  146  10:39  Pylon  
  146  10:41  Pylon  
  146  10:43  Pylon x2  
  146  10:46  Pylon  
  146  10:47  Pylon  
  146  10:48  Pylon  
  140  11:06  Shield Battery x2, Protoss Air Armor Level 1 (Chrono Boost)  
  140  11:10  Pylon  
  140  11:11  Pylon  
  140  11:12  Pylon  
  140  11:13  Pylon  
  140  11:22  Twilight Council  
  140  11:54  Carrier  
  140  11:55  Carrier x2  
  158  12:07  Protoss Shields Level 2 (Chrono Boost), Stargate  
  158  12:08  Pylon  
  158  12:10  Pylon  
  158  12:15  Photon Cannon  
  158  12:17  Photon Cannon x2  
  158  12:18  Photon Cannon  
  158  12:49  Carrier  
  164  12:55  Nexus  
  150  13:35  Gateway x2  
Show
View Real Time Build Order
Export as new Build Order

Zip Zerg 

Build Orders: Hatch First 

Get SALT Encoding   

  12  0:01  Drone  
  13  0:11  Drone  
  14  0:16  Extractor  
  14  0:17  Drone  
  15  0:22  Overlord  
  15  0:41  Drone x2  
  17  0:55  Hatchery  
  16  0:57  Drone  
  16  1:01  Drone  
  18  1:04  Extractor  
  17  1:18  Spawning Pool  
  17  1:20  Drone  
  17  1:24  Drone  
  18  1:28  Drone  
  19  1:46  Drone  
  20  1:52  Overlord  
  20  2:08  Queen  
  20  2:09  Queen  
  20  2:10  Zergling x4  
  26  2:16  Zergling x2  
  26  2:17  Metabolic Boost  
  26  2:19  Zergling x2  
  28  2:29  Zergling x4  
  30  2:36  Baneling Nest  
  29  2:39  Zergling x4  
  29  2:43  Zergling x2  
  32  2:50  Overlord  
  32  3:01  Zergling x4  
  34  3:12  Zergling x4  
  36  3:17  Overlord  
  36  3:20  Zergling x6  
  36  3:22  Zergling x2  
  40  3:36  Zergling x8  
  44  3:44  Baneling x5  
  44  3:45  Baneling  
  44  3:46  Baneling  
  44  3:50  Zergling x2  
  35  4:34  Drone x6  
  35  4:35  Drone x7  
  38  4:51  Zergling x6  
  39  4:57  Extractor  
  39  4:59  Spore Crawler  
  37  5:01  Spore Crawler  
  37  5:03  Extractor  
  37  5:05  Extractor, Zergling x8  
  38  5:23  Drone x3  
  38  5:24  Drone  
  38  5:25  Drone x2  
  44  5:31  Lair  
  44  5:33  Overlord  
  44  5:38  Overlord  
  44  5:55  Overlord  
  44  6:11  Drone x2  
  44  6:12  Drone x4  
  44  6:13  Overlord x2  
  50  6:23  Zergling x8  
  54  6:39  Drone  
  55  6:40  Spire  
  54  6:48  Hatchery  
  50  6:57  Overseer  
  50  7:05  Drone x3  
  50  7:06  Drone  
  50  7:07  Drone x4  
  50  7:08  Extractor, Zergling x8  
  59  7:09  Zergling x2  
  59  7:10  Extractor  
  61  7:22  Drone x3  
  64  7:26  Overlord  
  64  7:40  Overlord x2  
  64  7:54  Mutalisk  
  64  7:55  Mutalisk x6  
  64  7:58  Zerg Flyer Weapons Level 1  
  78  7:59  Mutalisk  
  78  8:01  Queen  
  78  8:03  Mutalisk  
  84  8:29  Mutalisk x7  
  84  8:33  Overlord x2  
  98  8:43  Overlord  
  81  9:14  Queen  
  70  9:23  Mutalisk  
  72  9:24  Mutalisk x9  
  72  9:27  Overseer  
  90  9:35  Drone x3  
  90  9:36  Drone  
  94  9:40  Extractor  
  90  10:14  Zergling x10  
  90  10:15  Zergling x16  
  102  10:22  Zerg Flyer Weapons Level 2  
  102  10:26  Drone  
  102  10:27  Drone x2  
  105  10:32  Baneling  
  105  10:33  Baneling x10  
  89  10:52  Mutalisk x4  
  97  10:58  Centrifical Hooks  
  97  11:15  Drone x6  
  97  11:16  Drone x2  
  105  11:29  Drone x5  
  107  11:52  Infestation Pit  
  107  11:54  Evolution Chamber x2  
  101  12:05  Pneumatized Carapace  
  101  12:08  Overseer  
  100  12:16  Hatchery  
  100  12:22  Zerg Ground Armor Level 1, Zerg Melee Weapons Level 1  
  99  12:28  Hive  
  87  13:06  Zergling x20  
  87  13:07  Zergling x34  
  71  13:41  Corruptor  
  71  13:42  Corruptor x11  
Show
View Real Time Build Order
Export as new Build Order

SLCMemento Protoss 

Build Orders: Dark Templar Rush 

Get SALT Encoding   

  12  0:01  Probe  
  13  0:14  Pylon  
  13  0:18  Probe  
  14  0:34  Probe  
  15  0:38  Gateway  
  15  0:48  Probe  
  16  0:54  Assimilator  
  16  1:00  Probe  
  16  1:02  Assimilator  
  17  1:14  Gateway  
  17  1:21  Pylon  
  17  1:24  Probe (Chrono Boost)  
  18  1:29  Cybernetics Core  
  18  1:36  Probe (Chrono Boost)  
  19  1:41  Pylon  
  19  1:45  Probe (Chrono Boost)  
  20  1:53  Probe  
  21  2:05  Probe  
  22  2:10  Twilight Council  
  22  2:17  Gateway  
  22  2:24  Pylon  
  22  2:31  Pylon  
  22  2:33  Warp Gate (Chrono Boost)  
  22  2:54  Robotics Facility  
  22  3:01  Dark Shrine  
  22  3:06  Probe  
  23  3:43  Warp Prism  
  25  4:04  Gateway  
  25  4:13  Dark Templar x3 (Chrono Boost)  
  31  4:24  Nexus  
  31  4:45  Dark Templar x2  
  35  4:54  Warp Prism  
  28  5:16  Dark Templar  
  24  5:22  Stalker  
  24  5:23  Stalker  
  28  5:43  Dark Templar  
  13  7:10  Nexus  
  11  8:00  Pylon  
  11  8:29  Probe (Chrono Boost)  
  11  8:33  Assimilator  
  12  8:59  Probe  
  13  9:10  Pylon  
  13  9:11  Probe  
  13  9:15  Pylon  
  14  9:23  Probe (Chrono Boost)  
  15  9:35  Probe (Chrono Boost), Gateway  
  15  9:36  Gateway  
  16  9:40  Probe (Chrono Boost)  
  10  10:47  Nexus  
  10  12:05  Probe (Chrono Boost)  
  11  12:16  Probe (Chrono Boost)  
  12  12:24  Probe  
  13  12:36  Probe  
  14  12:44  Assimilator  
  14  12:48  Probe  
  15  12:56  Pylon  
  15  13:00  Probe  
  16  13:12  Probe (Chrono Boost)  
  17  13:23  Probe (Chrono Boost)  
  17  13:25  Gateway  
  18  13:29  Probe  
  19  13:51  Gateway  
  19  13:55  Pylon  
  19  14:16  Gateway x2  
  19  14:19  Pylon  
  19  14:24  Pylon  
  19  14:31  Pylon  
  19  14:36  Cybernetics Core  
  19  14:43  Gateway  
Show
View Real Time Build Order
Export as new Build Order

DamGlam Protoss 

Build Orders:  

Get SALT Encoding   

  12  0:14  Probe (Chrono Boost)  
  13  0:22  Pylon  
  13  0:28  Probe (Chrono Boost)  
  14  0:37  Probe  
  15  0:44  Forge  
  15  1:08  Pylon  
  15  1:20  Pylon  
  15  1:29  Pylon  
  15  1:30  Pylon  
  15  1:32  Pylon  
  14  1:46  Pylon  
  14  1:53  Probe (Chrono Boost)  
  15  2:02  Gateway  
  15  2:03  Probe (Chrono Boost)  
  16  2:09  Probe (Chrono Boost)  
  17  2:19  Photon Cannon  
  17  2:32  Photon Cannon  
  16  3:00  Cybernetics Core  
  16  3:06  Pylon  
  16  3:07  Probe (Chrono Boost)  
  16  3:09  Assimilator  
  17  3:13  Assimilator  
  17  3:16  Probe (Chrono Boost)  
  18  3:32  Nexus  
  18  3:34  Probe  
  19  3:46  Probe  
  20  4:02  Assimilator  
  20  4:06  Assimilator  
  20  4:23  Pylon  
  20  4:26  Probe  
  21  4:33  Protoss Air Weapons Level 1 (Chrono Boost)  
  22  4:38  Probe  
  22  4:39  Protoss Shields Level 1  
  22  4:59  Probe (Chrono Boost)  
  24  5:04  Probe (Chrono Boost)  
  24  5:09  Probe (Chrono Boost)  
  24  5:12  Stalker (Chrono Boost)  
  26  5:29  Photon Cannon  
  26  5:32  Probe x2  
  28  5:44  Probe  
  28  5:47  Stalker (Chrono Boost)  
  29  5:53  Probe  
  29  5:56  Probe  
  33  6:12  Stalker (Chrono Boost)  
  35  6:26  Stargate  
  35  6:29  Probe  
  35  6:30  Probe  
  37  6:42  Probe  
  37  6:43  Stargate  
  37  6:45  Protoss Air Armor Level 1 (Chrono Boost)  
  38  6:53  Stalker (Chrono Boost), Twilight Council  
  34  7:14  Void Ray (Chrono Boost)  
  36  7:23  Stalker  
  38  7:35  Void Ray (Chrono Boost)  
  42  7:42  Pylon  
  12  8:36  Protoss Shields Level 2  
  4  8:50  Nexus  
  4  8:54  Pylon  
  4  8:56  Pylon  
  4  8:58  Assimilator  
  4  9:13  Probe (Chrono Boost)  
  6  9:25  Probe (Chrono Boost)  
  6  9:30  Probe (Chrono Boost)  
  7  10:05  Stargate  
  7  10:14  Probe (Chrono Boost)  
  9  10:16  Pylon  
  9  10:19  Probe (Chrono Boost)  
  9  10:27  Probe (Chrono Boost)  
  9  10:28  Probe (Chrono Boost)  
  11  10:40  Probe  
  11  10:41  Stalker  
  11  10:42  Probe  
  15  10:52  Probe  
  15  10:54  Probe (Chrono Boost)  
  17  11:06  Probe (Chrono Boost)  
  17  11:10  Probe (Chrono Boost)  
  19  11:18  Probe x2 (Chrono Boost)  
  20  11:24  Void Ray  
  25  11:28  Probe  
  26  11:45  Probe (Chrono Boost)  
  26  11:47  Assimilator  
  28  11:51  Probe (Chrono Boost)  
  29  11:55  Probe (Chrono Boost)  
  29  11:59  Probe (Chrono Boost)  
  30  12:10  Photon Cannon  
  30  12:22  Fleet Beacon  
  30  12:29  Probe (Chrono Boost)  
  32  12:31  Probe (Chrono Boost)  
  33  12:38  Probe (Chrono Boost)  
  33  12:39  Probe (Chrono Boost)  
  33  12:44  Probe x2 (Chrono Boost)  
  36  13:01  Probe  
  36  13:03  Probe  
  38  13:15  Probe (Chrono Boost), Assimilator  
  38  13:16  Probe (Chrono Boost)  
  40  13:25  Probe (Chrono Boost)  
  40  13:26  Probe (Chrono Boost)  
  42  13:33  Probe (Chrono Boost)  
  43  13:35  Probe (Chrono Boost)  
  44  13:43  Tempest  
  44  13:46  Probe  
  49  14:17  Nexus  
Tags
 
Add a new tag
Caveats
  • Supply blocks, unpowered buildings, or Contaminate may cause inaccurate times.
  • Supply counts are checked every 10 seconds.